 Dungeon Crawl Stone Soup version 0.31-a0-968-g24f9ace8b5 (webtiles) character file.

Game seed: 17525002191910377641

13079 drugrobin the Grappler (level 11, -3/81 HPs)
             Began as a Demigod Delver on Oct 27, 2023.
             Slain by an unseen horror (9 damage)
             ... on level 11 of the Dungeon.
             The game lasted 00:38:29 (12791 turns).

drugrobin the Grappler (Demigod Delver)            Turns: 12791, Time: 00:38:30

Health: -3/81      AC:  4    Str: 21    XL:     11   Next: 43%
Magic:  14/14      EV: 10    Int: 12    God:
Gold:   73         SH:  5    Dex: 21    Spells: 10/10 levels left

rFire   . .          .
                       - Unarmed
rCold   . . .        I - melded +0 buckler
rNeg    . . .        j - +3 scale mail
rPois   +            (helmet restricted)
rElec   +            (no cloak)
rCorr   .            p - -2 pair of gloves "Zataen" {rElec Will+ Regen+ Dex+2}
SInv    .            (no boots)
Will    +++..        O - amulet of reflection
Stlth   +            h - ring of poison resistance
HPRegen 0.00/turn    (no ring)
MPRegen 0.14/turn

%: random rage (3%), reflection
@: about to teleport, flux-form, marked, corroded, inhibited regen, glowing
A: glow, contaminating, high MP 1, forlorn, divine attributes, antennae 1,
berserk 1, strong-willed 1, inhibited regeneration
a: Begin Untransformation


You were on level 11 of the Dungeon.
You were something dangerously unstable.
You visited 1 branch of the dungeon, and saw 11 of its levels.

You collected 523 gold pieces.
You spent 450 gold pieces at shops.

Inventory:

Hand Weapons
 b - a +0 sling
 c - a +2 spear of venom
 d - a +4 dagger of venom
 s - a +1 spear of distortion
Missiles
 k - 8 boomerangs (quivered)
 z - a throwing net
Armour
 j - a +3 scale mail (worn)
 p - the -2 pair of gloves "Zataen" (worn) {rElec Will+ Regen+ Dex+2}
   (You found it on level 10 of the Dungeon)

   Dex+2:     It affects your dexterity (+2).
   rElec:     It insulates you from electricity.
   Will+:     It increases your willpower.
   Regen+:    It increases your rate of health regeneration.
 y - a +0 pair of gloves
 B - a +2 leather armour of willpower
 C - a +0 helmet
 D - a +0 ring mail of fire resistance
 F - an orb of energy
 G - a +3 leather armour of poison resistance
 I - a +0 buckler (melded)
 K - a +0 troll leather armour
 Q - the +18 Lear's hauberk
   (You found it on level 10 of the Dungeon)
Jewellery
 a - a ring of fire
 h - a ring of poison resistance (left hand)
 q - an amulet of the acrobat
 O - an amulet of reflection (around neck)
Talismans
 i - a flux talisman (active)
Wands
 f - a wand of digging (2)
 g - a wand of quicksilver (1)
 E - a wand of flame (38)
Scrolls
 n - 2 scrolls of torment
 o - 4 scrolls of fog
 r - 3 scrolls of immolation
 t - a scroll of revelation
 u - 2 scrolls of noise {unknown}
 v - 4 scrolls of teleportation
 A - a scroll of poison
 H - 2 scrolls of fear
 J - a scroll of brand weapon
 M - a scroll of amnesia {unknown}
Potions
 e - 2 potions of haste
 l - 4 potions of lignification
 m - a potion of degeneration {unknown}
 w - 2 potions of brilliance {unknown}
 x - a potion of berserk rage {unknown}
 L - a potion of enlightenment {unknown}
 N - a potion of heal wounds {unknown}
 P - a potion of resistance
 R - 2 potions of might
 S - 2 potions of curing


   Skills:
 - Level 2.6 Fighting
 - Level 1.7 Dodging
 - Level 4.5 Stealth
 * Level 14.4 Unarmed Combat
 - Level 4.0 Evocations
 - Level 8.0 Shapeshifting


You had 10 spell levels left.
You didn't know any spells.
Your spell library contained the following spells:

 Spells                   Type           Power      Damage    Failure   Level
 Apportation              Tloc           0%         N/A       67%         1
 Sandblast                Erth           0%         2d4       67%         1
 Jinxbite                 Hex            0%         N/A       82%         2
 Passwall                 Tmut/Erth      0%         N/A       82%         2
 Inner Flame              Hex/Fire       0%         N/A       96%         3
 Stone Arrow              Conj/Erth      0%         3d7       96%         3
 Summon Guardian Golem    Hex/Summ       0%         N/A       96%         3
 Tukima's Dance           Hex            0%         N/A       96%         3
 Brom's Barrelling Bould  Conj/Erth      0%         2d3       100%        4
 Passage of Golubria      Tloc           0%         N/A       100%        4
 Alistair's Intoxication  Tmut/Pois      0%         N/A       100%        5
 Summon Forest            Summ/Tloc      0%         N/A       100%        5
 Summon Mana Viper        Hex/Summ       0%         N/A       100%        5
 Yara's Violent Unravell  Hex/Tmut       0%         3d3       100%        5
 Summon Cactus Giant      Summ           0%         N/A       100%        6
 Enfeeble                 Hex            0%         N/A       100%        7
 Orb of Destruction       Conj           0%         9d5       100%        7
 Spellforged Servitor     Conj/Summ      0%         N/A       100%        7


Dungeon Overview and Level Annotations

Branches:
Dungeon (11/15)            Temple (0/1) D:4             Orc (0/2) D:11
   Lair: D:8-11

Shops:
D:7 (   D:9 *

Annotations:
D:6 2 transporters, PowderKeg's ghost, novice MfSh
D:9 1 transporter, 3 runed translucent doors, IdlyInterested's ghost, novice DsFi


Innate Abilities, Weirdness & Mutations

You are something dangerously unstable.
You glow with magical radiation, making you easy to see and hit.
Foes you strike become dangerously contaminated with magical radiation.
You are incapable of wielding weapons or throwing items.
You have an increased reservoir of magic. (+10% MP)
You shall have no god before yourself.
Your divine heritage dramatically boosts your attributes as you level up.
You have a pair of small antennae on your head.
You sometimes lose your temper in combat.
You are strong-willed. (Will+)
You do not regenerate when monsters are visible.


Message History

Unknown command.
Unknown command.
Unknown command.
Something hits you but does no damage.
Deactivating autopickup; reactivate with Ctrl-A.
A cyclops comes into view.
Unknown command.
Something hits you.
An orc comes into view. It is wielding a +0 whip.
Unknown command.
Unknown command.
Something hits you. x3
Something completely misses you. Something hits you. Something hits you.
An orc wizard comes into view. It is wielding a +2 dagger of venom.
Unknown command.
Unknown command.
Something hits you!
* * * LOW HITPOINT WARNING * * *
The orc priest invokes the aid of Beogh against you.
Beogh smites you!
* * * LOW HITPOINT WARNING * * *
Unknown command.
Unknown command.
As you read the scroll of fear, it crumbles to dust.
You assume a fearsome visage.
The orc priest looks frightened!
The orc wizard looks frightened!
The acid dragon looks frightened!
A komodo dragon comes into view.
The orc wizard gestures wildly while chanting.
The orc wizard flickers and vanishes!
Unknown command.
Unknown command.
As you read the scroll of teleportation, it crumbles to dust.
You feel strangely unstable.
Unknown command.
Unknown command.
You block the orc priest's attack.
Unknown command.
You barely miss the orc priest. Something hits you!
You die...

.....####.#.#
............####### #
....#####D........#.#
....# #......##.#.
....#####..).......
....o.{{..#.......#
...(#####.+.....{.#
....# #..#....{#.#
....####)### #.op.#
...........###.####
.$.....o....o..#
...........o####
.........oC.#
....>.......#
..C.......##
..........#
.........#


You could see a cyclops, an acid dragon (fleeing), 3 orc priests and an orc.

Vanquished Creatures
  A centaur warrior (D:10)
  A tengu warrior (D:10)
  Amaemon (D:8)
  Pikel (D:7)
  A cyclops (D:11)
  An ugly thing (D:8)
  Joseph (D:7)
  An orange demon (D:8)
  Jeremiah (D:6)
  A troll (D:10)
  Prince Ribbit (D:5)
  2 shadows
  16 yaks
  4 wyverns
  Menkaure (D:5)
  Duvessa (D:7)
  A water moccasin (D:6)
  An ice beast (D:5)
  An orc warrior (D:7)
  2 black bears
  A sky beast (D:7)
  6 ogres
  10 centaurs
  A phantom (D:4)
  2 kobold brigands
  A bullfrog (D:7)
  2 gnoll sergeants
  A scorpion (D:7)
  14 wights
  Dowan (D:7)
  17 killer bees
  4 howler monkeys
  10 jellies
  6 orc priests
  4 hounds
  2 gnoll boudas
  6 iguanas
  2 sleepcaps
  6 orc wizards
  5 adders
  24 gnolls
  2 shadow imps
  A white imp (D:6)
  A worm (D:5)
  3 dart slugs
  48 orcs
  4 endoplasms
  3 giant cockroaches
  8 goblins
  6 hobgoblins
  9 jackals (D:5)
  3 quokkas
  3 ball pythons
  6 bats
  2 frilled lizards
  15 kobolds
  3 rats (D:1)
282 creatures vanquished.

Vanquished Creatures (others)
  A quokka (D:9)
1 creature vanquished.

Grand Total: 283 creatures vanquished

Notes
Turn   | Place    | Note
-------+----------+-------------------------------------------
     0 | D:5      | drugrobin the Demigod Delver began the quest for the Orb.
     0 | D:5      | Reached XP level 1. HP: 18/18 MP: 3/3
    68 | D:5      | Reached skill level 2 in Unarmed Combat
    82 | D:5      | Noticed an ogre
   103 | D:4      | Noticed an iguana
   277 | D:4      | Found a staircase to the Ecumenical Temple.
   374 | D:4      | Reached XP level 2. HP: 21/25 MP: 4/4
   654 | D:1      | Reached skill level 3 in Unarmed Combat
  1007 | D:1      | Reached XP level 3. HP: 26/30 MP: 5/5
  1278 | D:1      | Reached skill level 1 in Evocations
  2411 | D:2      | Gained mutation: You have sharp toenails. [potion of
                  | mutation]
  2411 | D:2      | Gained mutation: You sometimes lose your temper in combat.
                  | [potion of mutation]
  2411 | D:2      | Gained mutation: You are strong-willed. (Will+) [potion of
                  | mutation]
  2418 | D:2      | Reached XP level 4. HP: 10/37 MP: 6/6
  2594 | D:2      | Reached skill level 4 in Unarmed Combat
  2654 | D:3      | Reached XP level 5. HP: 39/42 MP: 7/7
  3307 | D:4      | Noticed an ogre
  3447 | D:4      | Reached skill level 5 in Unarmed Combat
  3482 | D:4      | Reached XP level 6. HP: 50/50 MP: 8/8
  3725 | D:5      | Noticed Menkaure
  3992 | D:5      | Reached skill level 6 in Unarmed Combat
  4057 | D:5      | Reached XP level 7. HP: 35/56 MP: 9/9
  4404 | D:5      | Killed Menkaure
  4405 | D:5      | Reached skill level 1 in Shapeshifting
  4678 | D:5      | Noticed Prince Ribbit
  4750 | D:5      | Reached skill level 7 in Unarmed Combat
  5015 | D:5      | Killed Prince Ribbit
  5016 | D:5      | Reached XP level 8. HP: 62/62 MP: 10/10
  5332 | D:5      | Reached skill level 8 in Unarmed Combat
  5759 | D:6      | Found a transporter.
  5760 | D:6      | Identified the +4 dire flail "Ziejasuh" {vamp, rF- Dex+6}
  5799 | D:6      | Noticed PowderKeg's ghost (novice MfSh)
  5895 | D:6      | Found a transporter.
  5960 | D:6      | Reached skill level 5 in Shapeshifting
  6176 | D:6      | Reached XP level 9. HP: 68/68 MP: 11/11
  6273 | D:6      | Noticed Jeremiah
  6427 | D:6      | Reached skill level 9 in Unarmed Combat
  6578 | D:6      | Killed Jeremiah
  6709 | D:7      | Noticed Duvessa
  6809 | D:7      | Noticed Joseph
  7143 | D:7      | Killed Joseph
  7144 | D:7      | Reached skill level 10 in Unarmed Combat
  7397 | D:7      | Noticed Pikel
  7419 | D:7      | Killed Pikel
  7596 | D:7      | Reached XP level 10. HP: 24/74 MP: 13/13
  7977 | D:7      | Found Fulis's Weapon Shop.
  8169 | D:7      | Noticed Dowan
  8175 | D:7      | Killed Dowan
  8456 | D:8      | Noticed a cyan ugly thing
  8573 | D:7      | Killed Duvessa
  8810 | D:8      | Reached skill level 11 in Unarmed Combat
  9020 | D:8      | Killed a brown ugly thing
  9140 | D:8      | Noticed Amaemon
  9161 | D:8      | Killed Amaemon
  9162 | D:8      | Reached skill level 12 in Unarmed Combat
 10082 | D:9      | Found Zin's Purification Station.
 10088 | D:9      | Bought a potion of curing for 90 gold pieces
 10202 | D:9      | Found a transporter.
 10247 | D:9      | Found Ugehoem's Neck Hole.
 10526 | D:9      | Bought an amulet of reflection for 360 gold pieces
 10603 | D:9      | Reached XP level 11. HP: 50/81 MP: 14/14
 10724 | D:9      | Found a runed translucent gate.
 10725 | D:9      | Found a runed translucent gate.
 10728 | D:9      | Found a transporter.
 10744 | D:9      | Found a runed translucent gate.
 10744 | D:9      | Noticed IdlyInterested's ghost (novice DsFi)
 10926 | D:9      | Reached skill level 13 in Unarmed Combat
 10940 | D:9      | HP: 2/81 [acid dragon (6)]
 11143 | D:10     | Entered Level 10 of the Dungeon
 11314 | D:10     | Noticed a tengu warrior
 11376 | D:10     | Noticed a centaur warrior
 11485 | D:10     | Killed a centaur warrior
 11799 | D:10     | Killed a tengu warrior
 11947 | D:10     | Found the +18 Lear's hauberk
 12030 | D:10     | Lost mutation: You have sharp toenails. [potion of
                  | mutation]
 12030 | D:10     | Lost mutation: You are strong-willed. (Will+) [potion of
                  | mutation]
 12030 | D:10     | Gained mutation: You do not regenerate when monsters are
                  | visible. [potion of mutation]
 12030 | D:10     | Gained mutation: You have a pair of small antennae on your
                  | head. [potion of mutation]
 12030 | D:10     | Gained mutation: You are strong-willed. (Will+) [potion of
                  | mutation]
 12052 | D:10     | Got the -2 pair of gloves "Zataen" {rElec Will+ Regen+
                  | Dex+2}
 12207 | D:10     | Reached skill level 14 in Unarmed Combat
 12768 | D:11     | Found a staircase to the Orcish Mines.
 12791 | D:11     | Slain by an unseen horror

Illustrated notes

Levels and vault maps discovered:
D:1:      dpeg_arrival_short_road, layout_basic, minmay_tripent
D:2:      layout_basic, minmay_misc_feat_nine_boxes
D:3:      layout_loops_ring, tso_altar, trog_book, hex_medium, minmay_between
D:4:      layout_loops_cross, minmay_temple_entry_drinking_statues
D:5:      lemuel_castle_with_subvaults [lemuel_castle_interior_carwin_3],
          layout_basic, evilmike_ruin_ashenzari, minmay_misc_feat_cross,
          uniq_menkaure, uniq_prince_ribbit1
D:6:      layout_basic, fiery_altar_vehumet, gammafunk_ghost_smash,
          uniq_jeremiah
D:7:      layout_loops_cross, fedhas_altar_4, corexii_corridor_pit,
          grunt_decor_one_mirror, nicolae_stop_n_shop_1, minmay_splitting_lines,
          serial_bayou_pond_c, minmay_door_square, uniq_pikel, uniq_duvessa,
          uniq_joseph
D:8:      layout_layer_cave, general_overflow_altar, uniq_amaemon
D:9:      gammafunk_cloud_chamber, layout_cave_pools, zin_purify,
          bloody_makhleb, elyvilon_altar_4, ebering_ghost_rock_garden,
          nicolae_shop_sticking_my_neck_out
D:10:     layout_loops_ring, gammafunk_temple_overflow_forgotten,
          hellmonk_guarded_unrand_lears
D:11:     layout_basic, lair_entry_dummy, david_orc_3

Skill      XL: |  1  2  3  4  5  6  7  8  9 10 11 |
---------------+----------------------------------+-----
Unarmed Combat | 2 3 4 5 6 7 8 10 12 14 | 14.4
Evocations     | 1 2 3 4 |  4.0
Shapeshifting  | 3 5 7 8 |  8.0
Fighting       | |  2.6
Dodging        | |  1.7
Stealth        | |  4.5

Action                     |  1- 3 |  4- 6 |  7- 9 | 10-12 || total
---------------------------+-------+-------+-------+-------++-------
  Melee: Unarmed           |   158 |   143 |   357 |   328 ||   986
         Kick              |       |    38 |   126 |   116 ||   280
         Punch             |       |     7 |    19 |       ||    26
         Spear             |       |       |     8 |       ||     8
         Dagger            |       |       |    28 |    13 ||    41
   Fire: Sling             |    43 |     4 |    13 |       ||    60
  Throw: Boomerang         |       |    14 |    70 |       ||    84
         Throwing net      |       |       |       |     1 ||     1
  Evoke: Wand              |     1 |       |     4 |     8 ||    13
    Use: Scroll            |     2 |     3 |       |     5 ||    10
         Potion            |     4 |       |       |     3 ||     7
   Stab: Sleeping          |     7 |     2 |       |       ||     9
         Distracted        |     1 |     2 |     2 |       ||     5
 Armour: Leather armour    |    62 |       |       |       ||    62
         Ring mail         |    31 |     6 |       |       ||    37
         Skin              |     6 |       |       |       ||     6
         Scale mail        |       |    64 |   212 |   256 ||   532
         Troll leather arm |       |       |       |     1 ||     1
  Dodge: Dodged            |    94 |    58 |   215 |   145 ||   512
  Block: Buckler           |       |       |    15 |    10 ||    25
         Other             |       |       |       |    25 ||    25
         Reflection        |       |       |       |     3 ||     3
   Form: Flux              |       |       |       |     1 ||     1

Table legend: (Time is in decaauts)
 A = Elapsed time spent in this place.
 B = Non-inter-level travel time spent in this place.
 C = Inter-level travel time spent in this place.
 D = Time resting spent in this place.
 E = Time spent auto-exploring this place.
 F = Levels seen in this place.
 G = Mean time per level.
                   A        B        C        D        E       F      G
               +--------+--------+--------+--------+--------+-----+--------+
         Total |  12986 |  12552 |    434 |   2276 |   6810 |  11 | 1180.5 |
       Dungeon |  12986 |  12552 |    434 |   2276 |   6810 |  11 | 1180.5 |
               +--------+--------+--------+--------+--------+-----+--------+

Top non-repeatable levels by time:
     D:5: 2140 daAuts
     D:7: 2017 daAuts
     D:9: 1317 daAuts
     D:8: 1181 daAuts
     D:6: 1173 daAuts
    D:10: 1165 daAuts
     D:4: 974 daAuts
     D:1: 971 daAuts
     D:3: 907 daAuts
     D:2: 792 daAuts
    D:11: 342 daAuts
